 Dungeon Crawl Stone Soup version 0.30-a0-341-g682706514a (webtiles) character file.

Game seed: 6086551491738481115

408 drewk1942 the Cruncher (level 6, -5/53 HPs)
             Began as a Gnoll Wanderer on Nov 2, 2022.
             Slain by Menkaure (13 damage)
             ... on level 4 of the Dungeon.
             The game lasted 00:12:34 (3243 turns).

drewk1942 the Cruncher (Gnoll Wanderer)             Turns: 3243, Time: 00:12:34

Health: -5/53      AC:  7    Str: 15    XL:     6   Next: 88%
Magic:  29/29      EV: 11    Int: 10    God:
Gold:   1222       SH:  0    Dex: 11    Spells: 8/12 levels left

rFire   . . .      SeeInvis +    a - +2 quarterstaff
rCold   + . .      Faith    .    (shield currently unavailable)
rNeg    . . .      Spirit   .    s - +1 ring mail of the New World {MP+9 SInv}
rPois   .          Reflect  .    (no helmet)
rElec   .          Harm     .    (no cloak)
rCorr   .          Rampage  .    (no gloves)
Will    .....                    t - +0 pair of boots
Stlth   +.........               (no amulet)
HPRegen 0.28/turn                p - ring of protection from cold
MPRegen 0.21/turn                d - ring of magical power

@: no status effects
A: fangs 1, strong nose, distributed training
a: no special abilities


You were on level 4 of the Dungeon.
You visited 1 branch of the dungeon, and saw 4 of its levels.

You collected 1222 gold pieces.

Inventory:

Hand Weapons
 a - a +2 quarterstaff (weapon)
 k - a +2 dagger of venom
 q - a +3 great sword
Missiles
 f - 11 poisoned darts
Armour
 c - a +0 leather armour
 s - the +1 ring mail of the New World (worn) {MP+9 SInv}
   (You found it on level 2 of the Dungeon)

   MP:        It affects your magic capacity (+9).
   SInv:      It lets you see invisible.
 t - a +0 pair of boots (worn)
 C - the +1 robe "Ythraomim" {Dex+7}
   (You found it on level 4 of the Dungeon)

   Dex:       It affects your dexterity (+7).
Jewellery
 d - a ring of magical power (right hand)
 p - a ring of protection from cold (left hand)
 A - a ring of resist corrosion
Wands
 w - a wand of paralysis (2)
Scrolls
 e - a scroll of magic mapping
 u - a scroll of immolation
Potions
 b - 2 potions of brilliance
 m - 3 potions of mutation
 o - a potion of magic


   Skills:
 + Level 6.9 Fighting
 + Level 2.2 Short Blades
 + Level 2.2 Long Blades
 + Level 2.2 Axes
 + Level 2.2 Maces & Flails
 + Level 2.2 Polearms
 + Level 8.8 Staves
 + Level 2.2 Ranged Weapons
 + Level 2.2 Throwing
 + Level 2.2 Armour
 + Level 2.2 Dodging
 + Level 2.2 Stealth
 + Level 2.2 Shields
 + Level 2.2 Unarmed Combat
 + Level 3.6 Spellcasting
 + Level 1.8 Conjurations
 + Level 1.8 Hexes
 + Level 4.2 Summonings
 + Level 1.8 Necromancy
 + Level 1.8 Translocations
 + Level 1.8 Transmutations
 + Level 1.8 Fire Magic
 + Level 1.8 Ice Magic
 + Level 1.8 Air Magic
 + Level 1.8 Earth Magic
 + Level 1.8 Poison Magic
 + Level 2.5 Invocations
 + Level 2.2 Evocations


You had 8 spell levels left.
You knew the following spells:

 Your Spells              Type           Power      Damage    Failure   Level
a - Summon Small Mammal   Summ           40%        N/A       9%          1
b - Call Canine Familiar  Summ           10%        N/A       26%         3

Your spell library contained the following spells:

 Spells                   Type           Power      Damage    Failure   Level
 Summon Ice Beast         Ice/Summ       7%         N/A       82%         4
 Animate Dead             Necr           5%         N/A       94%         4
 Borgnjor's Vile Clutch   Necr/Erth      2%         N/A       100%        5
 Death Channel            Necr           2%         N/A       100%        6


Dungeon Overview and Level Annotations

Branches:
Dungeon (4/15)
 Temple: D:4-7

Altars:
Nemelex Xobeh
Qazlal
Xom

Annotations:
D:3 1 transporter
D:4 Menkaure


Innate Abilities, Weirdness & Mutations

You have very sharp teeth.
Your uncanny sense of smell can sniff out nearby items.
Your experience applies equally to all skills.


Message History

The ball python constricts you.
You escape the ball python's grasp.
Menkaure forgets how to speak, silenced by the ages.
You sock Natasha!
Natasha is heavily wounded.
The ball python bites you but does no damage.
The ball python barely misses you. Natasha barely misses you.
You sock Natasha!
You kill Natasha!
You feel Natasha's spirit has finally been put to rest.
The ball python barely misses you. The ball python misses you.
The ball python attacks as you move away!
The ball python misses you. The ball python closely misses you.
Menkaure casts a spell at you. Pain shoots through your body!
* * * LOW HITPOINT WARNING * * *
The ball python closely misses you. The ball python completely misses you.
You see here the felid corpse of Natasha.
You feel better.
The ball python bites you but does no damage.
The ball python completely misses you.
You thump the ball python!
You kill the ball python!
Menkaure calls on the powers of darkness!
Your body is wracked with pain!
* * * LOW HITPOINT WARNING * * *
Okay, then.
Okay, then.
Okay, then.
Aiming: Paralyse
Press: ? - help, Shift-Dir - straight line, f/p - Menkaure
Aim: Menkaure (lightly damaged, fast, chance to affect: 54%) Menkaure resists with significant effort.
You sock Menkaure!
Menkaure is severely damaged.
Menkaure misses you. Menkaure barely misses you.
You hit Menkaure. You bite Menkaure, but do no damage.
Menkaure is almost destroyed.
Menkaure hits you!
You die...

#....##.#######....#,,,,,**,,* ##
###...........#....#,,,,,,**,, .#
#.≈.≈≈≈≈≈.≈.#....#.,,,,,,**,
.#####.≈.......≈........,,,,,,,**
.##....≈.≈...≈.≈........,,,,,,,,*
.##....≈.≈._.≈.≈........,,,,,,,,,
.##....≈.≈...≈.≈.####...,,,∆,,,,,
..'....≈.......≈...#*,..>,,,,,,,,
###....≈.≈≈≈≈≈.≈@#.#***#********,
#............M†#.##### *,
######.......).......# *****
#..........†.......######..,,
#.##........<.............#**
#.##...............†#########
#.####..#......####.#.......,
#.####..#.######..........##.
###.......#...# #.............


You could see Menkaure (fast).

Vanquished Creatures
  Sigmund (D:2)
  A hound (D:4)
  Jessica (D:2)
  Natasha (thrice) (D:4)
  Robin (D:2)
  A gnoll (D:1)
  3 adders
  A worm (D:2)
  3 dart slugs
  An orc (D:4)
  6 ball pythons
  4 endoplasms
  A giant cockroach (D:1)
  17 goblins
  8 hobgoblins
  2 jackals (D:3)
  5 quokkas
  3 bats
  A frilled lizard (D:2)
  7 rats
70 creatures vanquished.

Vanquished Creatures (collateral kills)
  A goblin (D:2)
  A rat (D:2)
2 creatures vanquished.

Grand Total: 72 creatures vanquished

Notes
Turn   | Place    | Note
-------+----------+-------------------------------------------
     0 | D:1      | drewk1942 the Gnoll Wanderer began the quest for the Orb.
     0 | D:1      | drewk1942 set off with the following items: a +1
                  | quarterstaff, a potion of brilliance, a +0 leather armour;
                  | and the following spell memorised: Summon Small Mammal; and
                  | the following spells available to memorise: Call Canine
                  | Familiar, Summon Ice Beast.
     0 | D:1      | Reached XP level 1. HP: 23/23 MP: 4/4
    29 | D:1      | You fall into a shaft and drop 1 floor!
   185 | D:2      | Noticed Jessica
   199 | D:2      | Killed Jessica
   200 | D:2      | Reached XP level 2. HP: 20/29 MP: 5/5
   200 | D:2      | Reached XP level 3. HP: 25/35 MP: 7/7
   285 | D:2      | Reached skill level 1 in Invocations
   354 | D:2      | Noticed Robin
   387 | D:1      | Reached skill level 1 in Short Blades
   387 | D:1      | Reached skill level 1 in Long Blades
   387 | D:1      | Reached skill level 1 in Axes
   387 | D:1      | Reached skill level 1 in Maces & Flails
   387 | D:1      | Reached skill level 1 in Polearms
   387 | D:1      | Reached skill level 1 in Ranged Weapons
   387 | D:1      | Reached skill level 1 in Throwing
   387 | D:1      | Reached skill level 1 in Armour
   387 | D:1      | Reached skill level 1 in Dodging
   387 | D:1      | Reached skill level 1 in Stealth
   387 | D:1      | Reached skill level 1 in Shields
   387 | D:1      | Reached skill level 1 in Unarmed Combat
   387 | D:1      | Reached skill level 1 in Evocations
   743 | D:1      | Reached XP level 4. HP: 39/41 MP: 8/8
   965 | D:1      | Found a faded altar of an unknown god.
  1246 | D:1      | Reached skill level 1 in Conjurations
  1246 | D:1      | Reached skill level 1 in Hexes
  1246 | D:1      | Reached skill level 1 in Necromancy
  1246 | D:1      | Reached skill level 1 in Translocations
  1246 | D:1      | Reached skill level 1 in Transmutations
  1246 | D:1      | Reached skill level 1 in Fire Magic
  1246 | D:1      | Reached skill level 1 in Ice Magic
  1246 | D:1      | Reached skill level 1 in Air Magic
  1246 | D:1      | Reached skill level 1 in Earth Magic
  1246 | D:1      | Reached skill level 1 in Poison Magic
  1253 | D:1      | Learned a level 3 spell: Call Canine Familiar
  1448 | D:2      | Killed Robin
  1502 | D:2      | Noticed Sigmund
  1829 | D:2      | Identified the +1 ring mail of the New World {MP+9 SInv}
  2131 | D:2      | Killed Sigmund
  2132 | D:2      | Reached XP level 5. HP: 23/47 MP: 6/10
  2132 | D:2      | Reached XP level 6. HP: 26/53 MP: 6/11
  2720 | D:3      | Found a stormy altar of Qazlal.
  2741 | D:3      | Found a sparkling altar of Nemelex Xobeh.
  2741 | D:3      | Found a transporter.
  2929 | D:4      | Noticed Natasha
  2936 | D:4      | Killed Natasha
  2961 | D:4      | Found a shimmering altar of Xom.
  2975 | D:4      | Identified the +1 robe "Ythraomim" {Dex+7}
  3046 | D:4      | Identified a scroll of acquirement
  3046 | D:4      | Acquired 1101 gold pieces
  3109 | D:4      | Noticed Natasha
  3117 | D:4      | Killed Natasha
  3208 | D:4      | Noticed Menkaure
  3233 | D:4      | Noticed Natasha
  3237 | D:4      | Killed Natasha
  3243 | D:4      | Slain by Menkaure

Illustrated notes

Levels and vault maps discovered:
D:1:      shiori_shiawase, layout_loops_ring, shapermc_ecumenical_altar_venn
D:2:      layout_basic, reono_crystal_passage, uniq_sigmund, uniq_jessica,
          uniq_robin
D:3:      layout_rooms, grunt_nemelex_the_gamble,
          nicolae_qazlal_general_emergency
D:4:      layout_basic, grunt_dithmenos_smoke_and_mirrors,
          mainiacjoe_overflow_alcove_1, tso_metal_star,
          mainiacjoe_overflow_cross_hatched, uniq_natasha, uniq_menkaure

Skill      XL: |  1  2  3  4  5  6 |
---------------+-------------------+-----
Invocations    | 1 2 |  2.5
Short Blades   | 1 2 |  2.2
Long Blades    | 1 2 |  2.2
Axes           | 1 2 |  2.2
Maces & Flails | 1 2 |  2.2
Polearms       | 1 2 |  2.2
Ranged Weapons | 1 2 |  2.2
Throwing       | 1 2 |  2.2
Armour         | 1 2 |  2.2
Dodging        | 1 2 |  2.2
Stealth        | 1 2 |  2.2
Shields        | 1 2 |  2.2
Unarmed Combat | 1 2 |  2.2
Evocations     | 1 2 |  2.2
Spellcasting   | 3 |  3.6
Conjurations   | 1 |  1.8
Hexes          | 1 |  1.8
Necromancy     | 1 |  1.8
Translocations | 1 |  1.8
Transmutations | 1 |  1.8
Fire Magic     | 1 |  1.8
Ice Magic      | 1 |  1.8
Air Magic      | 1 |  1.8
Earth Magic    | 1 |  1.8
Poison Magic   | 1 |  1.8
Summonings     | 4 |  4.2
Fighting       | |  6.9
Staves         | |  8.8

Action                   |  1- 3 |  4- 6 || total
-------------------------+-------+-------++-------
Melee: Quarterstaff      |    53 |   131 ||   184
       Bite              |     5 |    13 ||    18
 Cast: Summon Small Mamm |     3 |    26 ||    29
       Call Canine Famil |       |     1 ||     1
Evoke: Wand              |       |     2 ||     2
  Use: Scroll            |       |    13 ||    13
       Potion            |       |     4 ||     4
 Stab: Sleeping          |     1 |       ||     1
Armor: Leather armour    |    15 |    19 ||    34
       Ring mail         |       |    29 ||    29
Dodge: Dodged            |    37 |    78 ||   115

Table legend: (Time is in decaauts)
 A = Elapsed time spent in this place.
 B = Non-inter-level travel time spent in this place.
 C = Inter-level travel time spent in this place.
 D = Time resting spent in this place.
 E = Time spent auto-exploring this place.
 F = Levels seen in this place.
 G = Mean time per level.
                   A        B        C        D        E       F      G
               +--------+--------+--------+--------+--------+-----+--------+
         Total |   3225 |   3075 |    150 |    415 |   1978 |   4 |  806.2 |
       Dungeon |   3225 |   3075 |    150 |    415 |   1978 |   4 |  806.2 |
               +--------+--------+--------+--------+--------+-----+--------+

Top non-repeatable levels by time:
     D:2: 1210 daAuts
     D:1: 1206 daAuts
     D:3: 500 daAuts
     D:4: 307 daAuts
